[ AOE2 MATCH · #495915313 ]
UnrankedPortuguese vs Persians
Rival team · LOSS
[ REPLAY ANALYSIS · EXTRACTED FROM THE RECORDED GAME ]
Feudal
11:25
Castle
30:06
Imperial
—
| APM avg | 43.6 |
| APM peak | 71 |
| eAPM avg | 27.5 |
| Villagers / military | 80 / 16 |
Focus
⚔️ 34.5% · 🌾 65.5%
Mangonel ×5 · Monk ×4 · Spearman ×4 · Skirmisher ×2 · Militia ×1
Feudal
19:17
Castle
30:42
Imperial
—
| APM avg | 47.2 |
| APM peak | 94 |
| eAPM avg | 20.8 |
| Villagers / military | 82 / 34 |
Focus
⚔️ 34.8% · 🌾 65.2%
Scout Cavalry ×9 · Archer ×8 · Knight ×8 · Mangonel ×7 · Scorpion ×2
Match map
Initial resources + every placement click. Lines = walls · curves = elevation contours. ◆ gold · ⬟ stone · ● berries · ✦ relic · ◌ wall gap
Your base· Open — 5t gap
abenza8's base· Open — 5t gap
Smoothed initial terrain · ◌ = detected wall gap · hover for details
Inputs per minute
— ImperialSheep - - abenza8
Build order — ImperialSheep
First 150 of 167 actions detected
| 0:00 | Create | Villager (Male) |
| 0:01 | Create | Villager (Male) |
| 0:02 | Build | House |
| 0:03 | Build | House |
| 0:17 | Create | Villager (Male) |
| 0:22 | Create | Villager (Male) |
| 1:25 | Create | Villager (Male) |
| 2:01 | Create | Villager (Male) |
| 2:08 | Build | House |
| 2:12 | Build | House |
| 2:20 | Create | Villager (Male) |
| 2:20 | Create | Villager (Male) |
| 2:23 | Research | Loom |
| 2:24 | Create | Villager (Male) |
| 2:59 | Create | Villager (Male) |
| 3:04 | Build | Lumber Camp |
| 3:07 | Create | Villager (Male) |
| 3:25 | Create | Villager (Male) |
| 3:52 | Create | Villager (Male) |
| 4:01 | Create | Villager (Male) |
| 4:22 | Build | Palisade Wall |
| 4:38 | Create | Villager (Male) |
| 4:42 | Build | House |
| 5:02 | Create | Villager (Male) |
| 5:46 | Create | Villager (Male) |
| 5:49 | Build | Mill |
| 5:54 | Create | Villager (Male) |
| 6:12 | Create | Villager (Male) |
| 6:23 | Build | Palisade Wall |
| 6:56 | Build | Palisade Wall |
| 7:08 | Create | Villager (Male) |
| 7:20 | Build | Palisade Wall |
| 7:21 | Create | Villager (Male) |
| 7:24 | Create | Villager (Male) |
| 7:36 | Build | Mill |
| 7:37 | Create | Villager (Male) |
| 7:47 | Create | Villager (Male) |
| 8:13 | Create | Villager (Male) |
| 8:20 | Build | Palisade Wall |
| 8:21 | Create | Villager (Male) |
| 9:15 | Research | Feudal Age |
| 9:51 | Create | Villager (Male) |
| 10:19 | Create | Villager (Male) |
| 11:11 | Create | Villager (Male) |
| 11:12 | Create | Villager (Male) |
| 11:20 | Create | Villager (Male) |
| 11:25 | Age | Feudal Age |
| 11:37 | Build | Watch Tower |
| 11:40 | Create | Villager (Male) |
| 11:46 | Create | Villager (Male) |
| 11:52 | Create | Villager (Male) |
| 14:32 | Build | Palisade Gate |
| 14:51 | Build | Stone Wall |
| 15:11 | Build | Mining Camp |
| 15:19 | Build | Palisade Wall |
| 15:33 | Build | Palisade Wall |
| 15:49 | Build | Palisade Wall |
| 16:48 | Build | Town Center |
| 18:09 | Build | Palisade Wall |
| 18:10 | Build | Palisade Wall |
| 18:12 | Build | Palisade Wall |
| 18:14 | Build | Palisade Wall |
| 18:24 | Build | Palisade Wall |
| 18:31 | Build | Palisade Wall |
| 18:33 | Build | Palisade Wall |
| 18:40 | Build | Palisade Wall |
| 18:48 | Create | Villager (Male) |
| 18:48 | Create | Villager (Male) |
| 18:48 | Create | Villager (Male) |
| 18:55 | Build | House |
| 18:56 | Build | House |
| 18:57 | Build | House |
| 19:00 | Build | House |
| 19:01 | Build | House |
| 19:03 | Create | Villager (Male) |
| 19:03 | Create | Villager (Male) |
| 19:07 | Research | Town Watch |
| 19:13 | Create | Villager (Male) |
| 19:15 | Create | Villager (Male) |
| 19:32 | Build | Watch Tower |
| 19:38 | Create | Villager (Male) |
| 19:49 | Build | Stone Wall |
| 19:52 | Create | Villager (Male) |
| 20:00 | Create | Villager (Male) |
| 20:18 | Build | House |
| 20:18 | Create | Villager (Male) |
| 20:26 | Create | Villager (Male) |
| 20:26 | Create | Villager (Male) |
| 20:40 | Build | House |
| 20:51 | Build | Palisade Wall |
| 20:59 | Build | Palisade Wall |
| 21:00 | Create | Villager (Male) |
| 21:09 | Build | Mill |
| 21:11 | Create | Villager (Male) |
| 21:24 | Build | Watch Tower |
| 21:25 | Create | Villager (Male) |
| 21:33 | Create | Villager (Male) |
| 21:45 | Create | Villager (Male) |
| 22:00 | Build | House |
| 22:01 | Create | Villager (Male) |
| 22:07 | Create | Villager (Male) |
| 22:19 | Build | Palisade Wall |
| 22:20 | Build | Palisade Wall |
| 22:22 | Build | Palisade Wall |
| 22:30 | Create | Villager (Male) |
| 22:32 | Build | Palisade Wall |
| 22:33 | Build | Palisade Wall |
| 22:35 | Create | Villager (Male) |
| 22:50 | Create | Villager (Male) |
| 22:53 | Create | Villager (Male) |
| 23:05 | Create | Villager (Male) |
| 23:14 | Build | Barracks |
| 23:15 | Create | Villager (Male) |
| 23:18 | Create | Villager (Male) |
| 23:23 | Create | Villager (Male) |
| 23:27 | Create | Villager (Male) |
| 23:39 | Create | Villager (Male) |
| 23:40 | Create | Villager (Male) |
| 23:47 | Create | Villager (Male) |
| 23:58 | Create | Villager (Male) |
| 24:05 | Create | Militia |
| 24:06 | Create | Spearman |
| 24:08 | Create | Spearman |
| 24:08 | Create | Spearman |
| 24:25 | Build | Watch Tower |
| 24:29 | Create | Villager (Male) |
| 25:05 | Create | Spearman |
| 26:07 | Create | Villager (Male) |
| 26:12 | Build | Lumber Camp |
| 26:12 | Create | Villager (Male) |
| 26:20 | Create | Villager (Male) |
| 26:25 | Build | Stone Wall |
| 26:26 | Build | Stone Wall |
| 26:26 | Create | Villager (Male) |
| 26:32 | Create | Villager (Male) |
| 26:41 | Build | Market |
| 26:42 | Build | Blacksmith |
| 26:45 | Create | Villager (Male) |
| 26:50 | Create | Villager (Male) |
| 27:25 | Research | Castle Age |
| 27:28 | Create | Villager (Male) |
| 27:41 | Build | Archery Range |
| 28:31 | Build | Mining Camp |
| 28:42 | Create | Skirmisher |
| 28:42 | Create | Skirmisher |
| 28:44 | Create | Villager (Male) |
| 28:49 | Create | Villager (Male) |
| 28:58 | Build | Watch Tower |
| 29:14 | Build | House |
| 30:06 | Age | Castle Age |
Build order — abenza8
First 150 of 210 actions detected
| 0:00 | Create | Villager (Male) |
| 0:01 | Create | Villager (Male) |
| 0:01 | Create | Villager (Male) |
| 0:01 | Create | Villager (Male) |
| 0:02 | Build | House |
| 0:04 | Build | House |
| 0:15 | Create | Villager (Male) |
| 0:15 | Create | Villager (Male) |
| 1:21 | Create | Villager (Male) |
| 1:21 | Create | Villager (Male) |
| 1:51 | Create | Villager (Male) |
| 2:54 | Build | Lumber Camp |
| 2:59 | Build | House |
| 3:10 | Create | Villager (Male) |
| 3:10 | Create | Villager (Male) |
| 3:10 | Create | Villager (Male) |
| 3:10 | Create | Villager (Male) |
| 3:33 | Create | Villager (Male) |
| 3:33 | Create | Villager (Male) |
| 3:40 | Research | Loom |
| 3:40 | Research | Loom |
| 3:50 | Create | Villager (Male) |
| 3:50 | Create | Villager (Male) |
| 3:50 | Create | Villager (Male) |
| 4:12 | Create | Villager (Male) |
| 4:13 | Create | Villager (Male) |
| 4:13 | Create | Villager (Male) |
| 4:34 | Create | Villager (Male) |
| 4:34 | Create | Villager (Male) |
| 5:43 | Create | Villager (Male) |
| 5:43 | Create | Villager (Male) |
| 6:22 | Create | Villager (Male) |
| 6:22 | Create | Villager (Male) |
| 6:23 | Create | Villager (Male) |
| 6:23 | Create | Villager (Male) |
| 7:07 | Build | Mill |
| 7:37 | Build | Town Center |
| 7:44 | Build | Palisade Gate |
| 7:48 | Build | Palisade Wall |
| 7:51 | Build | Palisade Wall |
| 8:11 | Build | House |
| 8:24 | Create | Villager (Male) |
| 8:24 | Create | Villager (Male) |
| 8:24 | Create | Villager (Male) |
| 8:51 | Build | House |
| 8:57 | Build | Palisade Gate |
| 9:02 | Build | Palisade Wall |
| 9:05 | Build | Palisade Wall |
| 9:06 | Build | Palisade Wall |
| 9:09 | Build | Palisade Wall |
| 9:14 | Build | Palisade Wall |
| 9:16 | Build | Palisade Wall |
| 9:20 | Create | Villager (Male) |
| 9:21 | Create | Villager (Male) |
| 9:21 | Create | Villager (Male) |
| 9:21 | Create | Villager (Male) |
| 10:11 | Build | House |
| 10:17 | Create | Villager (Male) |
| 10:19 | Create | Villager (Male) |
| 10:20 | Create | Villager (Male) |
| 10:57 | Create | Villager (Male) |
| 10:57 | Create | Villager (Male) |
| 11:12 | Create | Villager (Male) |
| 11:12 | Create | Villager (Male) |
| 11:31 | Build | House |
| 11:34 | Create | Villager (Male) |
| 11:34 | Create | Villager (Male) |
| 11:44 | Create | Villager (Male) |
| 11:44 | Create | Villager (Male) |
| 12:00 | Create | Villager (Male) |
| 12:00 | Create | Villager (Male) |
| 12:25 | Create | Villager (Male) |
| 12:25 | Create | Villager (Male) |
| 12:49 | Create | Villager (Male) |
| 12:49 | Create | Villager (Male) |
| 14:39 | Create | Villager (Male) |
| 14:39 | Create | Villager (Male) |
| 15:10 | Build | Farm |
| 15:14 | Build | Farm |
| 15:23 | Build | Farm |
| 15:26 | Build | Farm |
| 15:29 | Build | Farm |
| 15:30 | Build | Farm |
| 15:35 | Build | Farm |
| 16:44 | Build | Lumber Camp |
| 17:13 | Research | Feudal Age |
| 17:13 | Research | Feudal Age |
| 17:25 | Build | Mining Camp |
| 18:15 | Build | Barracks |
| 18:27 | Build | House |
| 18:42 | Build | House |
| 19:17 | Age | Feudal Age |
| 19:21 | Research | Double-Bit Axe |
| 19:22 | Create | Villager (Male) |
| 19:29 | Build | Stable |
| 19:54 | Build | Watch Tower |
| 20:02 | Build | Watch Tower |
| 20:13 | Create | Scout Cavalry |
| 20:13 | Create | Scout Cavalry |
| 20:14 | Create | Scout Cavalry |
| 20:14 | Create | Scout Cavalry |
| 20:19 | Build | Mining Camp |
| 20:23 | Create | Villager (Male) |
| 20:24 | Create | Villager (Male) |
| 20:25 | Create | Villager (Male) |
| 20:30 | Build | Farm |
| 20:31 | Build | Farm |
| 20:53 | Create | Scout Cavalry |
| 20:53 | Create | Scout Cavalry |
| 21:12 | Build | Palisade Wall |
| 21:14 | Build | Palisade Wall |
| 21:14 | Build | Palisade Wall |
| 21:15 | Build | Palisade Wall |
| 21:23 | Build | Farm |
| 21:34 | Create | Villager (Male) |
| 21:43 | Build | Blacksmith |
| 21:47 | Create | Villager (Male) |
| 21:57 | Create | Villager (Male) |
| 22:07 | Build | Farm |
| 22:09 | Build | Farm |
| 22:41 | Research | Scale Barding Armor |
| 22:42 | Research | Scale Barding Armor |
| 22:52 | Create | Villager (Male) |
| 22:53 | Create | Villager (Male) |
| 23:28 | Build | Mill |
| 23:31 | Build | Farm |
| 23:40 | Create | Villager (Male) |
| 24:01 | Build | Archery Range |
| 24:11 | Build | Archery Range |
| 24:14 | Create | Villager (Male) |
| 24:17 | Build | Farm |
| 24:18 | Build | Farm |
| 24:18 | Build | Farm |
| 24:20 | Research | Horse Collar |
| 24:21 | Research | Horse Collar |
| 24:22 | Create | Villager (Male) |
| 24:28 | Build | Market |
| 24:51 | Create | Archer |
| 24:51 | Create | Archer |
| 24:54 | Create | Villager (Male) |
| 24:55 | Create | Villager (Male) |
| 24:55 | Create | Villager (Male) |
| 24:58 | Build | Mining Camp |
| 25:05 | Build | House |
| 25:06 | Build | House |
| 25:17 | Build | Watch Tower |
| 25:57 | Create | Villager (Male) |
| 26:37 | Create | Villager (Male) |
| 26:52 | Build | Palisade Wall |
| 26:53 | Build | Palisade Wall |
Match timeline
| 4:22 | ImperialSheep · wall_segment Palisade Wall x2 |
| 6:23 | ImperialSheep · wall_segment Palisade Wall x12 |
| 6:56 | ImperialSheep · wall_segment Palisade Wall x8 |
| 7:20 | ImperialSheep · wall_segment Palisade Wall x5 |
| 7:48 | abenza8 · wall_segment Palisade Wall x1 |
| 7:51 | abenza8 · wall_segment Palisade Wall x1 |
| 8:20 | ImperialSheep · wall_segment Palisade Wall x6 |
| 9:02 | abenza8 · wall_segment Palisade Wall x4 |
| 9:05 | abenza8 · wall_segment Palisade Wall x1 |
| 9:06 | abenza8 · wall_segment Palisade Wall x1 |
| 9:09 | abenza8 · wall_segment Palisade Wall x5 |
| 9:14 | abenza8 · wall_segment Palisade Wall x3 |
| 9:16 | abenza8 · wall_segment Palisade Wall x9 |
| 11:25 | ImperialSheep · age_up feudal |
| 14:51 | ImperialSheep · wall_segment Stone Wall x3 |
| 15:19 | ImperialSheep · wall_segment Palisade Wall x3 |
| 15:33 | ImperialSheep · wall_segment Palisade Wall x1 |
| 15:49 | ImperialSheep · wall_segment Palisade Wall x3 |
| 18:09 | ImperialSheep · wall_segment Palisade Wall x1 |
| 18:10 | ImperialSheep · wall_segment Palisade Wall x1 |
| 18:12 | ImperialSheep · wall_segment Palisade Wall x1 |
| 18:14 | ImperialSheep · wall_segment Palisade Wall x1 |
| 18:15 | abenza8 · first_building Barracks |
| 18:24 | ImperialSheep · wall_segment Palisade Wall x1 |
| 18:31 | ImperialSheep · wall_segment Palisade Wall x1 |
| 18:33 | ImperialSheep · wall_segment Palisade Wall x1 |
| 18:40 | ImperialSheep · wall_segment Palisade Wall x1 |
| 19:17 | abenza8 · age_up feudal |
| 19:29 | abenza8 · first_building Stable |
| 19:49 | ImperialSheep · wall_segment Stone Wall x3 |
| 20:51 | ImperialSheep · wall_segment Palisade Wall x1 |
| 20:59 | ImperialSheep · wall_segment Palisade Wall x1 |
| 21:12 | abenza8 · wall_segment Palisade Wall x1 |
| 21:14 | abenza8 · wall_segment Palisade Wall x1 |
| 21:14 | abenza8 · wall_segment Palisade Wall x1 |
| 21:15 | abenza8 · wall_segment Palisade Wall x1 |
| 22:19 | ImperialSheep · wall_segment Palisade Wall x1 |
| 22:20 | ImperialSheep · wall_segment Palisade Wall x1 |
| 22:22 | ImperialSheep · wall_segment Palisade Wall x1 |
| 22:32 | ImperialSheep · wall_segment Palisade Wall x1 |
| 22:33 | ImperialSheep · wall_segment Palisade Wall x1 |
| 23:14 | ImperialSheep · first_building Barracks |
| 24:01 | abenza8 · first_building Archery Range |
| 26:25 | ImperialSheep · wall_segment Stone Wall x2 |
| 26:26 | ImperialSheep · wall_segment Stone Wall x1 |
| 26:52 | abenza8 · wall_segment Palisade Wall x1 |
| 26:53 | abenza8 · wall_segment Palisade Wall x1 |
| 26:53 | abenza8 · wall_segment Palisade Wall x1 |
| 27:25 | abenza8 · first_market_sell 100 wood |
| 27:26 | abenza8 · first_market_buy 100 food |
| 27:41 | ImperialSheep · first_building Archery Range |
| 28:35 | abenza8 · wall_segment Palisade Wall x1 |
| 28:36 | abenza8 · wall_segment Palisade Wall x1 |
| 28:36 | abenza8 · wall_segment Palisade Wall x1 |
| 28:56 | ImperialSheep · first_market_buy 100 stone |
| 30:06 | ImperialSheep · age_up castle |
| 30:10 | ImperialSheep · first_building Siege Workshop |
| 30:42 | abenza8 · age_up castle |
| 30:54 | abenza8 · first_building Siege Workshop |
| 31:36 | ImperialSheep · first_building Monastery |
| 34:12 | abenza8 · first_building Castle |
| 36:34 | abenza8 · resign |
[ AI ANALYSIS · 1 CREDIT ]
What really happened in this match?
Wolo.gg analyzes every decision: build order, eco, micro, common mistakes by bracket. Personalized analysis on WhatsApp or Discord in 30 seconds.
Civ guide
Portuguese
Perfil
Jugador #20102805